 Dungeon Crawl Stone Soup version 0.27-a0-1312-g5cdb2b3542 (webtiles) character file.

Game seed: 15041974704742263134

131 hatdisgam the Chopper (level 5, 0/41 HPs)
             Began as a Formicid Abyssal Knight on June 19, 2021.
             Was a Believer of Lugonu.
             Slain by a scorpion (8 damage)
             ... on level 2 of the Dungeon.
             The game lasted 00:02:47 (2458 turns).

hatdisgam the Chopper (Formicid Abyssal Knight)     Turns: 2458, Time: 00:02:47

Health: 0/41       AC:  4    Str: 16    XL:     5   Next: 37%
Magic:  7/7        EV: 11    Int: 13    God:    Lugonu [**....]
Gold:   120        SH:  0    Dex: 10    Spells: 4/4 levels left

rFire    . . .     SeeInvis +   a - +1 hand axe
rCold    . . .     Faith    .   (no shield)
rNeg     . . .     Spirit   .   b - +0 leather armour
rPois    .         Reflect  .   (helmet unavailable)
rElec    .         Harm     .   (no cloak)
rCorr    .         Rampage  .   g - +0 pair of gloves
Will     .....                  (no boots)
Stlth    +.........             (no amulet)
HPRegen  0.13/turn              (no ring)
MPRegen  0.10/turn              (no ring)

@: no status effects
A: permanent stasis, dig shafts and tunnels, antennae 3, four strong arms
a: Dig, Shaft Self, Renounce Religion, Depart the Abyss, Bend Space


You were on level 2 of the Dungeon.
You worshipped Lugonu.
Lugonu was pleased with you.
You visited 1 branch of the dungeon, and saw 2 of its levels.
You visited the Abyss 1 time.

You collected 120 gold pieces.

Inventory:

Hand Weapons
 a - a +1 hand axe (weapon)
Armour
 b - a +0 leather armour (worn)
 g - a +0 pair of gloves (worn)
Jewellery
 f - a ring of flight
 h - a ring of poison resistance
Scrolls
 c - a scroll of identify {unknown}
 l - a scroll of silence {unknown}
Potions
 d - a potion of heal wounds
 e - a potion of curing {unknown}
 i - a potion of berserk rage {unknown}
 j - a potion of haste {unknown}
 k - a potion of attraction {unknown}


   Skills:
 - Level 3.2 Fighting
 * Level 3.9 Axes
 - Level 2.1 Armour
 + Level 2.1 Dodging
 + Level 3.6 Invocations


You had 4 spell levels left.
You didn't know any spells.
Your spell library contained the following spells:

 Spells                   Type           Power      Damage    Failure   Level
 Animate Skeleton         Necr           0%         N/A       36%         1
 Corona                   Hex            0%         N/A       36%         1
 Pain                     Necr           0%         1d4       36%         1
 Ensorcelled Hibernation  Hex/Ice        0%         N/A       50%         2
 Confusing Touch          Hex            0%         N/A       75%         3
 Dazzling Flash           Conj/Hex       0%         N/A       75%         3
 Tukima's Dance           Hex            0%         N/A       75%         3
 Vampiric Draining        Necr           0%         2d6       75%         3
 Animate Dead             Necr           0%         N/A       98%         4
 Agony                    Necr           0%         N/A       100%        5


Dungeon Overview and Level Annotations

Branches:
Dungeon (2/15)

Altars:


Innate Abilities, Weirdness & Mutations

You cannot be hasted, slowed, berserked, paralysed or teleported.
You can dig through walls and to a lower floor.
You have a pair of large antennae on your head. (SInv)
Your four strong arms can wield two-handed weapons with a shield.


Message History

The scorpion stings you but does no damage.
You hit the scorpion.
The scorpion is moderately wounded.
You feel sick. The scorpion stings you.
The scorpion stings you but does no damage.
You hit the scorpion.
The scorpion is heavily wounded.
You feel sick. The scorpion misses you.
You barely miss the scorpion.
The scorpion is heavily wounded.
You feel sick.
You are no longer poisoned.
The scorpion completely misses you.
You hit the scorpion but do no damage.
The scorpion is heavily wounded.
The scorpion stings you.
The scorpion stings you but does no damage.
You closely miss the scorpion.
The scorpion is heavily wounded.
The scorpion closely misses you.
You hit the scorpion.
The scorpion is heavily wounded.
The scorpion stings you.
You closely miss the scorpion.
The scorpion is heavily wounded.
The scorpion barely misses you. x2
You hit the scorpion but do no damage.
The scorpion is heavily wounded.
The scorpion stings you.
You hit the scorpion.
The scorpion is almost dead.
The scorpion stings you.
You barely miss the scorpion.
The scorpion is almost dead.
The scorpion barely misses you. The scorpion stings you.
* * * LOW HITPOINT WARNING * * *
You hit the scorpion but do no damage.
The scorpion is almost dead.
The scorpion stings you!
You die...

#.# ##.#..) #.#
#.....# #.#
#.....# #.#
#.....# #.#
#.....# #.#
#.....#
######.#######.###
#............#.#
#@###.###.##.#.# #
#s##.## ##.#.#.# #
#.##.# #.#.#.# #
#.##.## ##.#.#.# #
#.###.###......# #
#.# ##...###.#####
#.# #...###..)...
#.............####
####...####)##


You could see a scorpion.

Vanquished Creatures
  Natasha (D:2)
  An orc wizard (D:2)
  2 adders (D:2)
  3 dart slugs
  2 orcs (D:2)
  2 ball pythons
  4 bats
  5 endoplasms
  A giant cockroach (D:2)
  7 goblins
  2 hobgoblins (D:2)
  10 jackals
  4 kobolds (D:1)
  A quokka (D:1)
  3 frilled lizards (D:1)
  2 rats
50 creatures vanquished.

Notes
Turn   | Place    | Note
-------+----------+-------------------------------------------
     0 | Abyss:1  | hatdisgam the Formicid Abyssal Knight began the quest for
                  | the Orb.
     0 | Abyss:1  | Reached XP level 1. HP: 18/18 MP: 2/2
    12 | D:1      | Escaped the Abyss
    71 | D:1      | Reached skill level 1 in Dodging
   252 | D:1      | Reached XP level 2. HP: 22/24 MP: 3/3
   401 | D:1      | Found a faded altar of an unknown god.
   744 | D:1      | Reached XP level 3. HP: 29/29 MP: 3/5
   799 | D:1      | Reached ** piety under Lugonu
  1758 | D:2      | Reached XP level 4. HP: 32/35 MP: 6/6
  2044 | D:2      | Reached XP level 5. HP: 38/41 MP: 7/7
  2165 | D:2      | Noticed Natasha
  2172 | D:2      | Killed Natasha
  2458 | D:2      | Slain by a scorpion

Illustrated notes

Levels and vault maps discovered:
D:1:      sevenhm_arrival_forest_fort_large_2, layout_loops_ring,
          shapermc_ecumenical_altar_venn, st_stairs_5, minmay_small_reverse_x
D:2:      layout_loops_ring, lexackson_kobold_supper, uniq_natasha

Skill      XL: |  1  2  3  4 |
---------------+-------------+-----
Dodging        | 1 2 |  2.1
Axes           | 3 |  3.9
Invocations    | 3 |  3.6
Fighting       | |  3.2
Armour         | |  2.1

Action                   |  1- 3 |  4- 6 || total
-------------------------+-------+-------++-------
Melee: Hand axe          |   119 |    72 ||   191
  Use: Potion            |       |     1 ||     1
Armor: Leather armour    |    39 |    18 ||    57
Dodge: Dodged            |    82 |    36 ||   118

Table legend: (Time is in decaauts)
 A = Elapsed time spent in this place.
 B = Non-inter-level travel time spent in this place.
 C = Inter-level travel time spent in this place.
 D = Time resting spent in this place.
 E = Time spent auto-exploring this place.
 F = Levels seen in this place.
 G = Mean time per level.
                   A        B        C        D        E       F      G
               +--------+--------+--------+--------+--------+-----+--------+
         Total |   2485 |   2425 |     60 |      0 |   2025 |   3 |  828.3 |
       Dungeon |   2473 |   2413 |     60 |      0 |   2018 |   2 | 1236.5 |
         Abyss |     12 |     12 |      0 |      0 |      7 |   1 |   12.0 |
               +--------+--------+--------+--------+--------+-----+--------+

Top non-repeatable levels by time:
     D:1: 1454 daAuts
     D:2: 1018 daAuts
 Abyss:1: 12 daAuts
